 Dungeon Crawl Stone Soup version 0.14.1-1-g650416f (webtiles) character file.

222 seth the Caller (level 4, -4/30 HPs)
             Began as a Merfolk Summoner on May 7, 2014.
             Slain by Prince Ribbit (15 damage)
             ... on Level 4 of the Dungeon on May 8, 2014.
             The game lasted 00:27:26 (2740 turns).

seth the Caller (Merfolk Summoner)                  Turns: 2740, Time: 00:27:32

HP  -4/30        AC  4     Str  8      XL: 4   Next: 71%
MP   6/9         EV 13     Int 15      God:
Gold 124         SH  0     Dex 14      Spells:  1 memorised,  8 levels left

rFire  . . .     SeeInvis .     h - +2,+0 spear (slay drac)
rCold  . . .     Clarity  .     e - +0 robe (curse)
rNeg   . . .     Conserve .     (no shield)
rPois  .         rCorr    .     s - +0 helmet
rElec  .         rRot     .     q - +0 cloak
SustAb . .       Spirit   .     (no gloves)
rMut   .         Warding  .     (no boots)
Saprov . . .     Stasis   .     d - amulet of rage
MR     .....                    (no ring)
                                (no ring)

@: not resistant to hostile enchantments, fairly stealthy
A: change form in water, swift swim
a: Evoke Berserk Rage


You were on level 4 of the Dungeon.
You were near starving.

You visited 1 branch of the dungeon, and saw 4 of its levels.

You collected 124 gold pieces.

Inventory:

Hand weapons
 h - a +2,+0 spear of dragon slaying (weapon)
Armour
 a - a +0 robe
 e - a cursed +0 robe (worn)
 q - a +0 cloak (worn)
 s - a +0 helmet (worn)
 t - a +2 leather armour of fire resistance
 y - a +0 pair of boots
Magical devices
 g - a wand of confusion (0)
Comestibles
 c - 4 bread rations
 f - 2 meat rations
 l - a choko
 m - a chunk of giant newt flesh
 n - a rotting chunk of adder flesh
 p - an apple
 u - a pear
 x - a slice of pizza
 A - a chunk of goblin flesh
Scrolls
 i - a scroll of fear
 j - 3 scrolls of remove curse
 r - 3 scrolls of identify
 z - a scroll of amnesia {unknown}
Jewellery
 d - an amulet of rage (around neck)
Potions
 k - 7 potions of curing
 w - a potion of magic {unknown}
Books
 b - a book of Callings

   Spells                             Type                      Level
   *Summon Small Mammal               Summoning                    1
   Call Imp                           Summoning                    2
   Call Canine Familiar               Summoning                    3
   Summon Guardian Golem              Hexes/Summoning              4
   Summon Lightning Spire             Summoning/Air                4
   Summon Ice Beast                   Ice/Summoning                4
 v - a Young Poisoner's Handbook

   Spells                             Type                      Level
   Sting                              Conjuration/Poison           1
   Cure Poison                        Poison                       2
   Mephitic Cloud                     Conjuration/Poison/Air       3
   Olgreb's Toxic Radiance            Poison                       4
   Venom Bolt                         Conjuration/Poison           5


   Skills:
 - Level 0.2 Fighting
 - Level 1.5 Polearms
 - Level 2.6 Dodging
 - Level 2.1 Stealth
 * Level 3.3 Spellcasting
 + Level 4.8 Summonings


You had 8 spell levels left.
You knew the following spells:

 Your Spells              Type           Power        Failure   Level  Hunger
a - Summon Small Mammal   Summ           ###.         2%          1    None


Dungeon Overview and Level Annotations

Branches:
Dungeon (4/15)
 Temple: D:4-7

Altars:
Xom

Annotations:
D:3 Sigmund
D:4 Prince Ribbit


Message History

Your bat completely misses Prince Ribbit.
Your bat closely misses Prince Ribbit.
Your quokka bites Prince Ribbit.
Prince Ribbit hits your quokka!
Your quokka dies!
Your quokka's corpse disappears in a puff of smoke!
Your bat completely misses Prince Ribbit.
Your quokka bites Prince Ribbit.
Eat a chunk of giant cockroach flesh? (ye/n/q/i?) This raw flesh tastes terrible.
You are near starving!
Your bat closely misses Prince Ribbit.
Prince Ribbit momentarily phases out as your bat's attack passes through him.
Prince Ribbit momentarily phases out as your quokka's attack passes through him.
Prince Ribbit hits you!
Your quokka bites Prince Ribbit.
You continue eating.
Your bat misses Prince Ribbit.
Prince Ribbit momentarily phases out as your bat's attack passes through him.
Prince Ribbit hits you!
Ouch! That really hurt!
You die...

$.. #..# #..# #..#
#..# #..# #.>#
##########rb##.###.
#....%...@F.b......
#.#####.........#.#
#.#.####.... #<#.#
.#. #.#.# . ..#.#
#..#.# #..#..
#..###


You could see Prince Ribbit, a friendly quokka and 2 friendly bats.

Vanquished Creatures
  2 adders (D:2)
  A worm (D:3)
  3 orcs (D:3)
  3 giant cockroaches
  3 goblins (D:3)
  A hobgoblin (D:3)
  3 jackals
  5 kobolds (D:2)
  2 quokkas
  2 bats
  A giant gecko (D:1)
  4 giant newts
  5 rats
35 creatures vanquished.

Vanquished Creatures (collateral kills)
  Ijyb (D:2)
  2 adders
  A worm (D:2)
  2 orcs (D:3)
  2 ball pythons
  2 giant cockroaches (D:2)
  A goblin (D:2)
  A hobgoblin (D:2)
  A jackal (D:4)
  3 kobolds
  2 bats (D:1)
  A giant newt (D:2)
  2 quokkas (D:2)
  3 rats
24 creatures vanquished.

Vanquished Creatures (others)
  15 quokkas
  12 bats
  16 rats
43 creatures vanquished.

Grand Total: 102 creatures vanquished

Notes
Turn   | Place    | Note
--------------------------------------------------------------
     0 | D:1      | seth, the Merfolk Summoner, began the quest for the Orb.
     0 | D:1      | Reached XP level 1. HP: 13/13 MP: 3/3
   486 | D:1      | Reached XP level 2. HP: 8/19 MP: 2/4
   693 | D:2      | Found a shimmering altar of Xom.
   987 | D:2      | Reached XP level 3. HP: 17/24 MP: 0/6
  1425 | D:2      | Noticed Ijyb
  1501 | D:2      | Killed Ijyb
  1933 | D:2      | Reached XP level 4. HP: 30/30 MP: 9/9
  2265 | D:3      | Reached skill level 1 in Polearms
  2404 | D:3      | Noticed Sigmund
  2714 | D:4      | Noticed Prince Ribbit
  2740 | D:4      | Slain by Prince Ribbit

Action                   |  1- 3 |  4- 6 || total
-------------------------+-------+-------++-------
Melee: Unarmed           |    67 |       ||    67
       Spear             |    73 |    95 ||   168
 Cast: Summon Small Mamm |    64 |    22 ||    86
  Use: Scroll            |     8 |     2 ||    10
       Potion            |     1 |     1 ||     2
 Stab: Distracted        |     2 |     1 ||     3
       Sleeping          |       |     1 ||     1
